 Dungeon Crawl Stone Soup version 0.28.0 (webtiles) character file.

Game seed: 4111148985358173971

6664 RighteousDevil the Cleaver (level 10, -1/98 HPs)
             Began as a Deep Dwarf Artificer on Feb 11, 2022.
             Slain by a komodo dragon (23 damage)
             ... on level 9 of the Dungeon.
             The game lasted 00:20:41 (7832 turns).

RighteousDevil the Cleaver (Deep Dwarf Artificer)   Turns: 7832, Time: 00:20:42

Health: -1/98      AC: 11    Str: 20    XL:     10   Next: 73%
Magic:  2/2        EV:  8    Int: 12    God:
Gold:   435        SH:  0    Dex: 13    Spells: 9/11 levels left

rFire   . . .      SeeInvis .   b - +4 battleaxe
rCold   . . .      Faith    .   (shield currently unavailable)
rNeg    . . .      Spirit   .   m - +0 chain mail
rPois   .          Reflect  .   (no helmet)
rElec   .          Harm     .   o - +1 cloak
rCorr   +          Rampage  .   (no gloves)
Will    +....                   (no boots)
Stlth   ..........              (no amulet)
HPRegen 0.00/turn               s - ring of resist corrosion
MPRegen 0.08/turn               (no ring)

@: no status effects
A: damage resistance, heal wounds, sense surroundings 2, no regeneration
a: Heal Wounds


You were on level 9 of the Dungeon.
You visited 2 branches of the dungeon, and saw 10 of its levels.

You collected 528 gold pieces.
You spent 93 gold pieces at shops.

Inventory:

Hand Weapons
 a - a +1 war axe
 b - a +4 battleaxe (weapon)
Missiles
 i - 3 curare-tipped darts
 u - 2 throwing nets
Armour
 f - a +0 helmet
 m - a +0 chain mail (worn)
 o - a +1 cloak (worn)
Jewellery
 s - a ring of resist corrosion (left hand)
Wands
 c - a wand of flame (50) (quivered)
 d - a wand of charming (14)
 e - a wand of mindburst (3)
Scrolls
 j - 5 scrolls of vulnerability
 k - 3 scrolls of teleportation
 p - a scroll of fear
 q - a scroll of amnesia
 r - a scroll of magic mapping
 v - a scroll of fog
 z - a scroll of summoning {unknown}
 A - a scroll of identify
Potions
 g - 4 potions of curing
 h - a potion of might
 n - 2 potions of berserk rage {unknown}
 t - a potion of resistance {unknown}
 w - 2 potions of magic
 x - a potion of lignification
Miscellaneous
 l - a piece from Xom's chessboard (14/15)
 y - a phantom mirror


   Skills:
 + Level 8.7 Fighting
 * Level 13.8 Axes
 - Level 3.0 Armour
 - Level 1.1 Dodging
 - Level 1.2 Stealth
 - Level 1.0 Spellcasting
 - Level 3.2 Translocations
 - Level 4.1 Evocations


You had 9 spell levels left.
You knew the following spells:

 Your Spells              Type           Power      Damage    Failure   Level
a - Blink                 Tloc           16%        N/A       77%         2

Your spell library contained the following spells:

 Spells                   Type           Power      Damage    Failure   Level
 Lesser Beckoning         Tloc           8%         N/A       94%         3
 Summon Small Mammal      Summ           0%         N/A       97%         1
 Call Canine Familiar     Summ           0%         N/A       100%        3
 Summon Guardian Golem    Hex/Summ       0%         N/A       100%        3
 Airstrike                Air            0%         N/A       100%        4
 Summon Lightning Spire   Summ/Air       0%         N/A       100%        4
 Lightning Bolt           Conj/Air       0%         1d11      100%        5
 Manifold Assault         Tloc           8%         N/A       100%        5


Dungeon Overview and Level Annotations

Branches:
Dungeon (9/15)             Temple (1/1) D:7
   Lair: D:8-11         Orc: D:9-12

Altars:
Ashenzari
Cheibriados
Dithmenos
Elyvilon
Fedhas
Gozag
Hepliaklqana
Kikubaaqudgha
Makhleb
Nemelex Xobeh
Okawaru
Qazlal
Sif Muna
Trog
Uskayaw
Vehumet
Wu Jian
Xom
Yredelemnul
Zin
The Shining One

Shops:
D:8 **

Annotations:
D:7 3 runed translucent doors, porpoise's ghost, novice DjCj


Innate Abilities, Weirdness & Mutations

You are resistant to damage.
You can heal yourself by infusing magical energy.
You passively map the area around you.
You do not regenerate.


Message History

The komodo dragon bites you but does no damage.
You slash the komodo dragon!
The komodo dragon is moderately wounded.
The komodo dragon bites you!
A wyvern comes into view.
You are too injured to fight recklessly!
You are too injured to fight recklessly!
Unknown command.
You feel much better.
The wyvern hisses angrily.
The komodo dragon bites you!!
Unknown command.
You slash the komodo dragon!
The komodo dragon is heavily wounded.
The komodo dragon bites you but does no damage.
You slash the komodo dragon!
The komodo dragon is severely wounded.
You slash the acid dragon! The komodo dragon bites you.
The acid dragon bites you but does no damage.
The acid dragon claws you but does no damage.
You closely miss the komodo dragon.
The komodo dragon is severely wounded.
You slash the acid dragon! The komodo dragon bites you.
The acid dragon bites you!
The acid dragon claws you but does no damage.
You closely miss the komodo dragon.
The komodo dragon is severely wounded.
You completely miss the acid dragon. You hit the wyvern.
The komodo dragon bites you!!
* * * LOW HITPOINT WARNING * * *
The acid dragon bites you.
* * * LOW HITPOINT WARNING * * *
The acid dragon claws you but does no damage.
The wyvern bites you!
* * * LOW HITPOINT WARNING * * *
You hear an angry hiss.
You feel much better.
The wyvern bites you but does no damage.
The komodo dragon bites you!!
You die...

# #####........# * >, ,
# #........# *,,, , #
########## , , , ### *
* ###########*..#### *
###.........###.#..#* *
#.....###.......l###.#*
##..##.# ###....@l....#
, ..######
#.####.D......, , ###
### #........, , * ,
.####...# * *# ##., , *
* * * *


You could see a komodo dragon, a wyvern and an acid dragon.

Vanquished Creatures
  Harold (D:7)
  Pikel (D:4)
  Maurice (D:8)
  A gargoyle (D:7)
  A komodo dragon (D:9)
  A slime creature (D:7)
  A wyvern (D:8)
  3 yaks (D:7)
  A steam dragon (D:6)
  An acid dragon (D:8)
  A water moccasin (D:7)
  3 ice beasts
  2 sky beasts
  A black bear (D:6)
  A hornet zombie (D:6)
  3 ogres
  4 centaurs
  6 bullfrogs
  4 scorpions
  A wyvern skeleton (D:7)
  2 water moccasin skeletons
  14 wights
  A gnoll shaman (D:4)
  5 hounds
  2 orc priests
  3 iguanas
  Ijyb (D:4)
  3 bullfrog skeletons
  Natasha (thrice) (D:4)
  Terence (D:2)
  10 orc wizards
  A howler monkey zombie (D:7)
  Robin (D:4)
  4 gnolls
  7 adders
  2 shadow imps (D:7)
  3 white imps
  2 ufetubi
  2 worms
  6 dart slugs
  12 orcs
  12 ball pythons
  10 endoplasms
  3 giant cockroaches
  19 goblins
  9 hobgoblins
  3 quokkas
  5 bats
  3 frilled lizards
  4 kobolds
  A quokka skeleton (D:4)
  7 rats
199 creatures vanquished.

Vanquished Creatures (collateral kills)
  3 gnolls (D:4)
3 creatures vanquished.

Vanquished Creatures (others)
  2 plants (D:5)
2 creatures vanquished.

Grand Total: 204 creatures vanquished

Notes
Turn   | Place    | Note
-------+----------+-------------------------------------------
     0 | D:1      | RighteousDevil the Deep Dwarf Artificer began the quest for
                  | the Orb.
     0 | D:1      | Reached XP level 1. HP: 16/16 MP: 1/1
    23 | D:1      | Reached skill level 1 in Fighting
   100 | D:1      | Reached XP level 2. HP: 23/25 MP: 2/2
   287 | D:1      | Reached skill level 1 in Translocations
   484 | D:2      | Reached XP level 3. HP: 14/31 MP: 4/4
   668 | D:2      | Reached skill level 1 in Spellcasting
   679 | D:2      | Learned a level 2 spell: Blink
   692 | D:2      | Found a faded altar of an unknown god.
   809 | D:2      | Reached XP level 4. HP: 35/39 MP: 5/5
  1138 | D:2      | Noticed Terence
  1147 | D:2      | Reached skill level 1 in Axes
  1158 | D:2      | Killed Terence
  1331 | D:3      | Reached XP level 5. HP: 38/46 MP: 6/6
  1363 | D:3      | Reached skill level 2 in Axes
  1734 | D:3      | Reached XP level 6. HP: 31/56 MP: 7/7
  1858 | D:4      | Noticed Natasha
  1873 | D:4      | Killed Natasha
  1874 | D:4      | Reached skill level 3 in Axes
  2040 | D:4      | Noticed Natasha
  2057 | D:4      | Noticed Robin
  2068 | D:4      | Killed Natasha
  2071 | D:4      | Killed Robin
  2076 | D:4      | Reached skill level 4 in Axes
  2148 | D:4      | Noticed Natasha
  2170 | D:4      | Killed Natasha
  2376 | D:3      | Reached XP level 7. HP: 23/63 MP: 6/6
  2413 | D:4      | Noticed Ijyb
  2426 | D:4      | Killed Ijyb
  2486 | D:4      | You fall into a shaft and drop 1 floor!
  2486 | D:5      | Entered Level 5 of the Dungeon
  2531 | D:5      | Reached skill level 5 in Axes
  2677 | D:5      | Reached skill level 6 in Axes
  3001 | D:4      | Noticed Pikel
  3020 | D:4      | Killed Pikel
  3021 | D:4      | Reached skill level 5 in Fighting
  3021 | D:4      | Reached skill level 7 in Axes
  3021 | D:4      | Reached XP level 8. HP: 39/74 MP: 7/7
  3493 | D:4      | Reached skill level 8 in Axes
  4368 | D:6      | Reached skill level 9 in Axes
  4576 | D:6      | Gained mutation: You passively map the area around you.
                  | [Deep Dwarf growth]
  4576 | D:6      | Reached XP level 9. HP: 28/82 MP: 7/7
  4719 | D:6      | Reached skill level 10 in Axes
  5509 | D:7      | Noticed a gargoyle
  5538 | D:7      | Killed a gargoyle
  5662 | D:7      | Reached skill level 11 in Axes
  5871 | D:7      | Found a staircase to the Ecumenical Temple.
  5877 | Temple   | Entered the Ecumenical Temple
  6140 | D:7      | Noticed Harold
  6164 | D:7      | Killed Harold
  6165 | D:7      | Reached skill level 12 in Axes
  6165 | D:7      | Reached XP level 10. HP: 38/96 MP: 6/6
  6176 | D:7      | Found a runed translucent gate.
  6176 | D:7      | Found a runed translucent gate.
  6176 | D:7      | Found a runed translucent gate.
  6382 | D:7      | Noticed porpoise's ghost (novice DjCj)
  6876 | D:8      | Found Afoff's Assorted Antiques.
  6899 | D:8      | Bought a scroll labelled CUSTEROMMY for 31 gold pieces
  6899 | D:8      | Bought a scroll of identify for 62 gold pieces
  6921 | D:8      | Found Anluack's Sacrilege Store.
  7042 | D:8      | Reached skill level 13 in Axes
  7243 | D:8      | Noticed Maurice
  7268 | D:8      | Killed Maurice
  7831 | D:9      | HP: 2/98 [wyvern (5)]
  7832 | D:9      | Slain by a komodo dragon

Illustrated notes

Levels and vault maps discovered:
D:1:      nzn_arrival_crosshair, layout_basic
D:2:      layout_loops_cross, shapermc_ecumenical_altar_notcrosses, uniq_terence
D:3:      layout_basic
D:4:      wander_river, layout_basic, chequers_serial_rivers_large_a,
          minmay_diced_spiral, uniq_robin, uniq_ijyb, uniq_pikel, uniq_natasha
D:5:      layout_layer_cave, minmay_misc_feat_diagonals, serial_bayou_pond_b,
          corexii_shack, grunt_decor_cap
D:6:      layout_basic
D:7:      minmay_opposing_rooms, layout_basic, minmay_temple_entry_hall,
          gammafunk_ghost_necromancy, minmay_a_box_with_orc_wizards_in_it,
          uniq_harold
D:8:      layout_gridville, serial_shops, shop, nicolae_evil_shop, uniq_maurice
D:9:      layout_rooms, nicolae_ru_great_annihilating_truth, erik_lair_dragon
Temple:   nicolae_temple_the_god_donut

Skill      XL: |  1  2  3  4  5  6  7  8  9 10 |
---------------+-------------------------------+-----
Fighting       | 1 2 3 5 6 7 8 |  8.7
Translocations | 1 2 3 |  3.2
Spellcasting   | 1 |  1.0
Armour         | 3 |  3.0
Axes           | 1 2 4 7 9 12 13 | 13.8
Dodging        | |  1.1
Stealth        | |  1.2
Evocations     | |  4.1

Action                   |  1- 3 |  4- 6 |  7- 9 | 10-12 || total
-------------------------+-------+-------+-------+-------++-------
Melee: Hand axe          |   134 |   245 |   334 |       ||   713
       Punch             |       |     6 |     7 |     1 ||    14
       Unarmed           |       |     2 |       |       ||     2
       War axe           |       |       |    98 |   105 ||   203
       Battleaxe         |       |       |       |    49 ||    49
 Abil: Heal Wounds       |     1 |     9 |    27 |    14 ||    51
Evoke: Wand              |     4 |    10 |    42 |     4 ||    60
       Piece from Xom's  |       |     5 |     6 |       ||    11
  Use: Potion            |     2 |     3 |       |     1 ||     6
       Scroll            |       |     6 |     9 |     1 ||    16
 Stab: Sleeping          |     3 |       |       |       ||     3
       Confused          |       |       |     3 |       ||     3
Armor: Leather armour    |     3 |       |       |       ||     3
       Ring mail         |    43 |    13 |       |       ||    56
       Chain mail        |       |   136 |   234 |    91 ||   461
       Skin              |       |    74 |       |       ||    74
Dodge: Dodged            |    85 |   113 |   149 |    71 ||   418
